 Dungeon Crawl Stone Soup version 0.31.0-11-ge490571c62 (webtiles) character file.

Game seed: 5120458767923457826

27 shadizar the Magician (level 3, -1/27 HPs)
             Began as a Djinni Conjurer on Jan 26, 2024.
             Killed from afar by Terence (2 damage)
             ... with a puff of flame
             ... on level 1 of the Dungeon.
             The game lasted 00:01:13 (1067 turns).

shadizar the Magician (Djinni Conjurer)             Turns: 1067, Time: 00:01:13

Health: -1/27      AC:  2    Str:  6    XL:     3   Next: 25%
Gold:   37         EV: 12    Int: 21    God:
                   SH:  0    Dex: 11

rFire   + + .        (no weapon)
rCold   x . .        (no shield)
rNeg    . . .        a - +0 robe
rPois   ∞            (no helmet)
rElec   .            (no cloak)
rCorr   .            (no gloves)
SInv    .            (boots unavailable)
Will    .....        (no amulet)
Stlth   ++           (no ring)
HPRegen 0.24/turn    (no ring)
MPRegen 0.00/turn

%: infuse magic (-2 HP)
@: flying
A: sickness immunity, fire resistance 2, cold vulnerability 1, float, innate
caster, HP casting, extra vitality 1
a: no special abilities


You were on level 1 of the Dungeon.
You visited 1 branch of the dungeon, and saw 2 of its levels.

You collected 37 gold pieces.

Inventory:

Armour
 a - a +0 robe (worn)
Scrolls
 b - 2 scrolls of teleportation {unknown}
 c - a scroll of poison {unknown}


   Skills:
 + Level 1.2 Fighting
 - Level 2.1 Dodging
 - Level 1.5 Stealth
 * Level 4.0 Spellcasting
 * Level 4.0 Conjurations
 * Level 4.0 Hexes
   Level 0.0 Charms
 * Level 4.0 Summonings
 * Level 4.0 Necromancy
 * Level 4.0 Translocations
   Level 0.0 Transmutations
 * Level 4.0 Fire Magic
 * Level 4.0 Ice Magic
 * Level 4.0 Air Magic
 * Level 4.0 Earth Magic
 * Level 4.0 Alchemy


You knew the following spells:

 Your Spells              Type           Power      Damage    Failure   Level
a - Magic Dart            Conj           84%        1d7       2%          1
b - Searing Ray           Conj           42%        2d6       3%          2
c - Fulminant Prism       Conj/Alch      10%        3d8       22%         4
d - Iskenderun's Mystic   Conj/Tloc      21%        2d6       22%         4
e - Freeze                Ice            84%        1d9       2%          1
Your spell library was empty.

Dungeon Overview and Level Annotations

Branches:
Dungeon (2/15)

Altars:

Annotations:
D:1 Terence


Innate Abilities, Weirdness & Mutations

You are immune to sickness and miasma.
You are immune to poison.
Your flesh is very heat resistant. (rF++)
You are vulnerable to cold. (rC-)
You float through the air rather than walking.
You learn spells naturally, not from books.
Your magical power is your life essence.
You have superior vitality. (+4 MHP)


Message History

The magic dart hits the rat.
You kill the rat!
Casting: Magic Dart (safe; 2% risk of failure)
Confirm with . or Enter, or press ? or * to list all spells.
Aiming: Magic Dart (safe; 2% risk of failure)
Press: ? - help, Shift-Dir - straight line, f - hobgoblin
Aim: a hobgoblin (100% to hit)
The magic dart hits the hobgoblin.
The hobgoblin is moderately wounded.
Casting: Magic Dart (safe; 2% risk of failure)
Confirm with . or Enter, or press ? or * to list all spells.
Aiming: Freeze (safe; 2% risk of failure)
Press: ? - help, Shift-Dir - straight line, f/p - hobgoblin
Aim: a hobgoblin (moderately wounded)
You freeze the hobgoblin!
You kill the hobgoblin!
Terence zaps a wand.
The puff of flame hits you. You resist.
* * * LOW HITPOINT WARNING * * *
Casting: Freeze (safe; 2% risk of failure)
Confirm with . or Enter, or press ? or * to list all spells.
Aiming: Magic Dart (safe; 2% risk of failure)
Press: ? - help, Shift-Dir - straight line, f - Terence
Aim: Terence, wielding a +0 hand axe, wearing a +0 chain mail and carrying a wand of flame (heavily wounded, 100% to hit)
The magic dart hits Terence.
Terence is heavily wounded.
* * * LOW HITPOINT WARNING * * *
You aren't carrying any potions.
Casting: Magic Dart (safe; 2% risk of failure)
Confirm with . or Enter, or press ? or * to list all spells.
Aiming: Magic Dart (safe; 2% risk of failure)
Press: ? - help, Shift-Dir - straight line, f/p - Terence
Aim: Terence, wielding a +0 hand axe, wearing a +0 chain mail and carrying a wand of flame (heavily wounded, 100% to hit)
The magic dart hits Terence but does no damage.
Terence is heavily wounded.
* * * LOW HITPOINT WARNING * * *
Terence zaps a wand.
The puff of flame hits you. You resist.
* * * LOW HITPOINT WARNING * * *
Terence zaps a wand.
The puff of flame hits you. You resist.
You die...
Terence says, "That felt goooood."

....#
#........'......##.(....###
....#
##.......######.##.#.#### #
....# #..######...g@...>#.#
# ....# #..# #.####....#.#
# ....# #..# #.#########.#
# ##### #..# #@##........#
# #..# #†##.######## # #..#
#.##.# ########..# #@##.#
#......#..# #.##.#
#.####.#..# #.##.# #.#
#.#########.##.# #.#
#...........##.#
#.#################.#
#...................#
#####################


You could see Terence.

Vanquished Creatures
  A dart slug (D:1)
  2 endoplasms (D:1)
  2 giant cockroaches (D:1)
  A goblin (D:1)
  3 hobgoblins (D:1)
  A quokka (D:1)
  2 bats (D:1)
  2 frilled lizards (D:1)
  6 kobolds (D:1)
  3 rats (D:1)
23 creatures vanquished.

Notes
Turn   | Place    | Note
-------+----------+-------------------------------------------
     0 | D:1      | shadizar the Djinni Conjurer began the quest for the Orb.
     0 | D:1      | shadizar set off with the following spells memorised: Magic
                  | Dart, Searing Ray, Fulminant Prism, Iskenderun's Mystic
                  | Blast.
     0 | D:1      | Reached XP level 1. HP: 15/15 MP: 0/0
   116 | D:1      | Reached XP level 2. HP: 19/22 MP: 0/0
   324 | D:1      | Found a faded altar of an unknown god.
   395 | D:1      | Reached skill level 1 in Fighting
   590 | D:1      | Reached XP level 3. HP: 24/27 MP: 0/0
   590 | D:1      | Learned a level 1 spell: Freeze
  1040 | D:2      | Noticed Terence
  1066 | D:1      | HP: 1/27 [Terence/puff of flame (3)]
  1067 | D:1      | Killed from afar by Terence

Illustrated notes

Levels and vault maps discovered:
D:1:      tarquinn_simple_flora_water_f, layout_basic,
          ebering_ecumenical_altar_hall, minmay_misc_feat_five,
          hangedman_abyss_or_decor_stabs
D:2:      kennysheep_big_flooded_room, layout_rooms, serial_shops,
          nicolae_shop_window_shopping, uniq_terence

Skill      XL: |  1  2  3 |
---------------+----------+-----
Fighting       | 1 |  1.2
Spellcasting   | 4 |  4.0
Conjurations   | 4 |  4.0
Hexes          | 4 |  4.0
Summonings     | 4 |  4.0
Necromancy     | 4 |  4.0
Translocations | 4 |  4.0
Fire Magic     | 4 |  4.0
Ice Magic      | 4 |  4.0
Air Magic      | 4 |  4.0
Earth Magic    | 4 |  4.0
Alchemy        | 4 |  4.0
Dodging        | |  2.1
Stealth        | |  1.5

Action                     || total
---------------------------++-------
   Cast: Magic Dart        ||    47
         Freeze            ||     2
         Searing Ray       ||     1
 Armour: Robe              ||     8
  Dodge: Dodged            ||    11
